 Dungeon Crawl Stone Soup version 0.26.1-11-gd32895ea62 (webtiles) character file.

Game seed: 2700388669655688366

2643 Zeld the Geomancer (level 9, -1/45 HPs)
             Began as a Gargoyle Earth Elementalist on Sept 4, 2021.
             Slain by a two-headed ogre
             ... wielding a +0 giant club
              (23 damage)
             ... on level 7 of the Dungeon on Sept 5, 2021.
             The game lasted 00:12:13 (10441 turns).

Zeld the Geomancer (Gargoyle Earth Elementalist)   Turns: 10441, Time: 00:12:14

Health: -1/45      AC: 16    Str: 12    XL:     9   Next: 62%
Magic:  16/18      EV: 13    Int: 19    God:
Gold:   528        SH:  4    Dex: 10    Spells: 5/20 levels left

rFire    . . .     SeeInvis .   a - +4 rapier (venom)
rCold    . . .     Faith    .   l - +0 buckler
rNeg     + . .     Spirit   .   c - +0 robe
rPois    ∞         Reflect  .   n - +2 helmet
rElec    +         Harm     .   o - +2 cloak
rCorr    .         Rampage  .   d - +0 pair of gloves
Will     .....                  (no boots)
Stlth    +++.......             (no amulet)
HPRegen  0.15/turn              (no ring)
MPRegen  0.16/turn              (no ring)

@: no status effects
A: negative energy resistance 1, electricity resistance, unbreathing,
petrification resistance, miasma immunity, AC +6
a: no special abilities


You were on level 7 of the Dungeon.
You visited 2 branches of the dungeon, and saw 9 of its levels.
You also visited: Sewer.

You collected 528 gold pieces.

Inventory:

Hand Weapons
 a - a +4 rapier of venom (weapon)
Missiles
 b - 248 stones (quivered)
Armour
 c - a +0 robe (worn)
 d - a +0 pair of gloves (worn)
 l - a +0 buckler (worn)
 n - a +2 helmet (worn)
 o - a +2 cloak (worn)
Wands
 t - a wand of polymorph (16)
 u - a wand of random effects (12)
Scrolls
 m - 4 scrolls of remove curse
 p - 6 scrolls of teleportation
 r - 2 scrolls of amnesia {unknown}
 x - 2 scrolls of fog {unknown}
 y - a scroll of random uselessness {unknown}
 z - a scroll of holy word {unknown}
 A - a scroll of brand weapon {unknown}
Potions
 e - a potion of flight {unknown}
 f - a potion of lignification {unknown}
 g - 7 potions of curing {unknown}
 h - 8 potions of heal wounds {unknown}
 i - 4 potions of brilliance {unknown}
 j - a potion of berserk rage {unknown}
 k - 2 potions of attraction {unknown}
 q - 2 potions of ambrosia {unknown}
 s - a potion of haste {unknown}
 v - a potion of degeneration {unknown}
 w - 2 potions of cancellation {unknown}
 B - a potion of mutation {unknown}


   Skills:
 + Level 4.4 Armour
 + Level 3.8 Dodging
 + Level 5.7 Stealth
 + Level 2.4 Shields
 * Level 6.1 Spellcasting
 + Level 4.4 Conjurations
 - Level 1.0 Transmutations
 * Level 8.4 Earth Magic


You had 5 spell levels left.
You knew the following spells:

 Your Spells              Type           Power        Failure   Level
a - Sandblast             Erth           74%          1%          1
b - Passwall              Tmut/Erth      19%          3%          2
c - Stone Arrow           Conj/Erth      60%          2%          3
d - Petrify               Tmut/Erth      23%          19%         4
e - Lee's Rapid Deconstr  Erth           18%          12%         5

Your spell library contained the following spells:

 Spells                   Type           Power        Failure   Level
 Magic Dart               Conj           88%          2%          1
 Searing Ray              Conj           44%          3%          2
 Shock                    Conj/Air       56%          5%          1
 Dazzling Flash           Conj/Hex       28%          16%         3
 Static Discharge         Conj/Air       14%          16%         3
 Swiftness                Air            5%           21%         2
 Fulminant Prism          Conj/Hex       7%           47%         4
 Iskenderun's Mystic Bla  Conj/Tloc      14%          47%         4
 Airstrike                Air            2%           80%         4
 Lightning Bolt           Conj/Air       7%           83%         5


Dungeon Overview and Level Annotations

Branches:
Dungeon (8/15)             Temple (1/1) D:5           Sewer (visited)
   Lair: D:8-11

Altars:
Ashenzari
Cheibriados
Dithmenos
Fedhas
Hepliaklqana
Makhleb
Nemelex Xobeh
Okawaru
Qazlal
Ru
Sif Muna
Trog
Uskayaw
Vehumet
Xom
Zin


Innate Abilities, Weirdness & Mutations

You are resistant to torment.
Your stone body is resilient. (AC +6)
You are immune to poison.
You resist negative energy. (rN+)
You are resistant to electric shocks. (rElec)
You can survive without breathing.
You are immune to petrification.
You are immune to miasma.


Message History

The two-headed ogre stops moving altogether!
The helpless two-headed ogre fails to defend itself.
You puncture the two-headed ogre!
The two-headed ogre is poisoned.
The two-headed ogre is moderately wounded.
The helpless two-headed ogre fails to defend itself.
You puncture the two-headed ogre!
The two-headed ogre looks as sick as possible!
The two-headed ogre is heavily wounded.
The helpless two-headed ogre fails to defend itself.
You puncture the two-headed ogre!
The two-headed ogre looks as sick as possible!
The two-headed ogre is heavily wounded.
The two-headed ogre is no longer petrified.
The two-headed ogre misses you. The two-headed ogre closely misses you.
You hit the two-headed ogre.
The two-headed ogre looks as sick as possible!
The two-headed ogre is severely wounded.
The two-headed ogre hits you with a +0 giant club!!
Ouch! That really hurt!
You die...

#>....#......'....'....#..<
#.....#......#....#....#...
#.....#......#....#....#...
#.....#....<.#....#....#...
#...###......#..########...
#########....#..###.#......
#....>..#....#......#......
#.......#.O..#......#......
#.......#.@..#......#......
#.......#....#......#......
#.......#....#......#......
#...#####....#####.##......
#...#......#######.#.......
#...#......#.......#.......
#...#......#.......#.......
#...#......#.......#.......
#...#......#.......#.......


You could see a two-headed ogre (extremely poisoned).

Vanquished Creatures
  Grinder (D:3)
  Sigmund (D:3)
  2 sky beasts
  4 ogres
  2 phantoms (D:7)
  A necrophage (D:7)
  A centaur (D:7)
  2 big kobolds (Sewer)
  3 bullfrogs
  3 scorpions
  5 wights (D:6)
  A howler monkey (D:7)
  A jelly (D:7)
  A hound (D:5)
  A quasit (D:6)
  2 iguanas
  2 orc wizards
  5 worker ants
  A hound skeleton (D:4)
  3 gnolls (D:7)
  16 adders
  A white imp (D:7)
  2 ufetubi
  5 oozes
  An adder zombie (D:5)
  An adder skeleton (D:7)
  5 worms
  3 dart slugs
  5 leopard geckos
  10 orcs
  4 ball pythons
  10 bats
  6 giant cockroaches
  8 goblins
  9 hobgoblins
  7 jackals
  20 kobolds
  3 quokkas
  9 frilled lizards
  A quokka skeleton (D:6)
  10 rats
178 creatures vanquished.

Vanquished Creatures (others)
  7 fungi (D:5)
  A plant (Sewer)
8 creatures vanquished.

Grand Total: 186 creatures vanquished

Notes
Turn   | Place    | Note
-------+----------+-------------------------------------------
     0 | D:1      | Zeld the Gargoyle Earth Elementalist began the quest for
                  | the Orb.
     0 | D:1      | Reached XP level 1. HP: 10/10 MP: 3/3
   597 | D:1      | Reached XP level 2. HP: 15/15 MP: 5/5
   860 | D:1      | Reached skill level 1 in Transmutations
   860 | D:1      | Reached skill level 4 in Earth Magic
   871 | D:1      | Reached XP level 3. HP: 6/19 MP: 6/6
   881 | D:1      | Learned a level 2 spell: Passwall
   885 | D:1      | Learned a level 3 spell: Stone Arrow
  1796 | D:2      | Found a shimmering altar of Xom.
  1800 | D:2      | Found a burning altar of Makhleb.
  1832 | D:2      | Reached XP level 4. HP: 5/24 MP: 0/7
  2240 | D:2      | Reached skill level 1 in Armour
  2443 | D:2      | Found a snail-covered altar of Cheibriados.
  2801 | D:3      | Reached skill level 1 in Conjurations
  3038 | D:3      | Reached XP level 5. HP: 13/28 MP: 9/9
  3043 | D:3      | Learned a level 4 spell: Petrify
  3513 | D:3      | Noticed Grinder
  3525 | D:3      | Killed Grinder
  3526 | D:3      | Reached skill level 5 in Earth Magic
  3526 | D:3      | Reached XP level 6. HP: 25/32 MP: 0/11
  3794 | D:3      | Noticed Sigmund
  3989 | D:3      | Killed Sigmund
  3990 | D:3      | Reached XP level 7. HP: 20/36 MP: 6/13
  4668 | D:4      | Found a hide-covered altar of Uskayaw.
  4733 | D:4      | Reached skill level 6 in Earth Magic
  4872 | D:4      | Found a sparkling altar of Nemelex Xobeh.
  5678 | D:4      | Found a shimmering blue altar of Sif Muna.
  5931 | D:5      | Entered Level 5 of the Dungeon
  5964 | D:5      | Reached XP level 8. HP: 28/41 MP: 14/14
  6177 | D:5      | Learned a level 5 spell: Lee's Rapid Deconstruction
  6441 | D:5      | Found a staircase to the Ecumenical Temple.
  6482 | Temple   | Entered the Ecumenical Temple
  6937 | D:6      | Reached skill level 5 in Spellcasting
  6955 | D:6      | Reached skill level 7 in Earth Magic
  7020 | D:6      | Found a glowing drain.
  7046 | Sewer    | Entered a sewer
  7870 | D:6      | Reached skill level 1 in Shields
  8230 | D:6      | Reached skill level 5 in Stealth
  8230 | D:6      | Reached XP level 9. HP: 42/45 MP: 17/17
  9386 | D:7      | Reached skill level 8 in Earth Magic
 10029 | D:7      | Found an iron altar of Okawaru.
 10412 | D:8      | Noticed a two-headed ogre
 10441 | D:7      | Slain by a two-headed ogre

Illustrated notes

Levels and vault maps discovered:
D:1:      amcnicky_arrival_abandoned_market, layout_rooms,
          wander_ebering_terrifying_dragon_lair
D:2:      layout_basic, cheibriados_altar_1, grunt_temple_overflow_open
D:3:      minmay_razor_zed, layout_basic, grunt_ministairs_14,
          hangedman_decor_clover_reticule, minmay_unequal, uniq_grinder,
          uniq_sigmund
D:4:      layout_rooms, nemelex_xobeh_ov_fountains_minmay, lemuel_round_altar,
          lemuel_crystal_altar
D:5:      layout_rooms, minmay_temple_entry_overgrown, serial_aquarium,
          aquarium_bridge_long_separate [aquarium_subvault_bridge,
          aquarium_subvault_bridge, aquarium_subvault_bridge,
          aquarium_subvault_bridge, aquarium_subvault_window,
          aquarium_subvault_balcony], aquarium_window_fake,
          aquarium_window_fake, aquarium_window_3, aquarium_view_2c,
          aquarium_view_2a, aquarium_pool_1
D:6:      layout_loops_cross, lightli_sewer_entry_pipes, minmay_curled_crystal,
          corexii_item_surrounded_by_moat
D:7:      layout_gridville, lemuel_doored_altar
D:8:      layout_loops_corners, serial_shops, nicolae_shop_waterfront
Temple:   jpeg_temple_island

Skill      XL: |  1  2  3  4  5  6  7  8  9 |
---------------+----------------------------+-----
Transmutations | 1 |  1.0
Earth Magic    | 4 5 6 7 8 |  8.4
Armour         | 1 2 3 4 |  4.4
Dodging        | 2 3 |  3.8
Conjurations   | 1 2 3 4 |  4.4
Spellcasting   | 3 4 5 6 |  6.1
Stealth        | 3 4 5 |  5.7
Shields        | 1 2 |  2.4

Action                   |  1- 3 |  4- 6 |  7- 9 || total
-------------------------+-------+-------+-------++-------
Melee: Short sword       |    73 |       |       ||    73
       Unarmed           |    10 |       |       ||    10
       Rapier            |    18 |   111 |   405 ||   534
 Cast: Sandblast         |     9 |    19 |    51 ||    79
       Petrify           |       |       |     1 ||     1
  Use: Scroll            |       |       |    14 ||    14
 Stab: Sleeping          |     3 |     3 |    12 ||    18
       Petrified         |       |       |     3 ||     3
Armor: Robe              |    41 |    70 |   233 ||   344
Dodge: Dodged            |    92 |   100 |   391 ||   583
Block: Buckler           |       |       |    29 ||    29
